 Dungeon Crawl Stone Soup version 0.19-a0-726-g4af737f (webtiles) character file.

91 shmeve the Chopper (level 4, 19/42 HPs)
             Began as a Deep Dwarf Berserker on June 22, 2016.
             Was a Believer of Trog.
             Quit the game on level 2 of the Dungeon.
             The game lasted 00:05:17 (1480 turns).

shmeve the Chopper (Deep Dwarf Berserker)           Turns: 1480, Time: 00:05:17

Health: 19/42      AC:  3    Str: 21    XL:     4   Next: 34%
Magic:  4/4        EV: 13    Int:  8    God:    Trog [**....]
Gold:   65         SH:  0    Dex: 12    Spells: 0 memorised, 3 levels left

rFire  . . .     SeeInvis .     a - +0 hand axe
rCold  . . .     Gourm    .     b - +0 animal skin
rNeg   . . .     Faith    .     (no shield)
rPois  .         Spirit   .     j - +0 helmet
rElec  .         Dismiss  .     (no cloak)
rCorr  .         Reflect  .     (no gloves)
SustAt .         Harm     .     (no boots)
MR     .....                    (no amulet)
Stlth  +.........               (no ring)
                                (no ring)

@: non-regenerating, not resistant to hostile enchantments, very unstealthy
A: damage resistance, recharge devices, sense surroundings 1, slow regeneration
3
a: Device Recharging, Berserk, Trog's Hand, Burn Spellbooks, Renounce Religion


You were on level 2 of the Dungeon.
You worshipped Trog.
Trog was pleased with you.
You were not hungry.

You visited 1 branch of the dungeon, and saw 2 of its levels.

You collected 65 gold pieces.

Inventory:

Hand Weapons
 a - a +0 hand axe (weapon)
Armour
 b - a +0 animal skin (worn)
 j - a +0 helmet (worn)
Wands
 c - a wand of heal wounds (3/9)
Scrolls
 e - a scroll of fear {unknown}
 h - 2 scrolls of identify {unknown}
 k - 2 scrolls of teleportation {unknown}
 o - a scroll of fog {unknown}
 q - a scroll of enchant weapon {unknown}
 r - a scroll of remove curse {unknown}
 s - 2 scrolls of recharging {unknown}
Potions
 f - a potion of haste {unknown}
 g - a potion of degeneration {unknown}
 i - 2 potions of heal wounds {unknown}
 m - a potion of mutation {unknown}
Comestibles
 d - a bread ration
 l - a beef jerky
 n - a meat ration


   Skills:
 * Level 3.3 Fighting
 * Level 4.3 Axes
 + Level 2.6 Armour
 + Level 2.8 Dodging
 + Level 1.1 Evocations


You had 3 spell levels left.
You didn't know any spells.

Dungeon Overview and Level Annotations

Branches:
Dungeon (2/15)

Altars:


Innate Abilities, Weirdness & Mutations

You are resistant to damage.
You can recharge devices by infusing magical energy.
You passively map a small area around you.
You do not regenerate naturally.


Message History

You miss the giant newt. The giant newt closely misses you.
You hit the giant newt but do no damage.
The giant newt barely misses you.
You barely miss the giant newt. The giant newt bites you.
You hit the giant newt.
The giant newt is heavily wounded.
The giant newt bites you but does no damage.
You completely miss the giant newt.
The giant newt is heavily wounded.
The giant newt closely misses you.
You miss the giant newt.
The giant newt is heavily wounded.
The giant newt bites you but does no damage.
You hit the giant newt.
You kill the giant newt!
Trog accepts your kill.
You see here a giant newt corpse.
Okay, then.
Unknown command.
Are you sure you want to abandon this character and quit the game? (Confirm with "yes".)

*..)........###.# ##
...........# #.#
...........# #.#
...........###'#####
####+###............
* * #............ *
#(...........
###+###........####
#.@†..'.....<....#
#.....#..........#
#.....#..........#
#.....#####......#
####### #......#
########


There were no monsters in sight!

Vanquished Creatures
  Jessica (D:2)
  An adder (D:2)
  2 oozes
  A dart slug (D:2)
  2 giant geckos (D:1)
  A ball python (D:1)
  4 bats
  2 giant cockroaches (D:1)
  5 goblins
  5 hobgoblins (D:1)
  7 jackals
  2 giant newts
  5 kobolds
  5 rats
43 creatures vanquished.

Notes
Turn   | Place    | Note
--------------------------------------------------------------
     0 | D:1      | shmeve the Deep Dwarf Berserker began the quest for the Orb.
     0 | D:1      | Reached XP level 1. HP: 20/20 MP: 1/1
   323 | D:1      | Reached XP level 2. HP: 9/27 MP: 2/2
   639 | D:1      | Reached XP level 3. HP: 16/33 MP: 3/3
   653 | D:1      | Reached ** piety under Trog
   653 | D:1      | Reached skill level 4 in Axes
  1130 | D:2      | Noticed Jessica
  1152 | D:2      | Killed Jessica
  1152 | D:2      | Reached skill level 1 in Evocations
  1152 | D:2      | Reached XP level 4. HP: 24/42 MP: 4/4
  1480 | D:2      | Quit the game

Vault maps used:
D:1:      dpeg_arrival_snail, minmay_vboxes
D:2:      uniq_crazy_yiuf_cottage, uniq_jessica

Skill      XL: |  1  2  3 |
---------------+----------+-----
Axes           | 4 |  4.3
Fighting       | 3 |  3.3
Evocations     | 1 |  1.1
Armour         | |  2.6
Dodging        | |  2.8

Action                   |  1- 3 |  4- 6 || total
-------------------------+-------+-------++-------
Melee: Hand axe          |   114 |    37 ||   151
Evoke: Wand              |     2 |       ||     2
 Stab: Sleeping          |     2 |     1 ||     3
       Distracted        |       |     1 ||     1
  Eat: Chunk             |     1 |     1 ||     2
Armor: Animal skin       |    44 |    22 ||    66
Dodge: Dodged            |   109 |    37 ||   146
